[Event "Early-Titled-Tuesday-Blitz-August-29-2023"]
[Site "Chess.com"]
[Date "2023.08.29"]
[Round "4"]
[White "amintabatabaei"]
[Black "maciek_92"]
[Result "1-0"]
[WhiteElo "2956"]
[BlackElo "2718"]
[TimeControl "180+1"]
[EndTime "8:39:22 PDT"]
[Termination "amintabatabaei won on time"]

1. e4 c5 2. Nf3 e6 3. g3 Nc6 4. Bg2 e5 5. c3 Nf6 6. O-O Be7 7. d4 cxd4 8. cxd4 d6 9. d5 Nb8 10. Nc3 O-O 11. a4 a5 12. Nd2 Na6 13. Nc4 Nd7 14.
Be3 Ndc5 15. f4 f6 16. Nb5 b6 17. f5 Nb4 18. g4 Ba6 19. h4 Rc8 20. b3 Rf7 21.
Kh1 Bf8 22. g5 Bxb5 23. axb5 Re7 24. Rg1 Kh8 25. Bf3 Nbd3 26. Bxc5 Nxc5 27. Ra2 Rb7 28. Rag2 a4 29. bxa4 Ra8 30. Nb2 Be7 31. gxf6 Bxf6 32. h5 h6 33. Rg6 Rba7 34. Qd2 Qf8 35. Nc4 Rxa4 36. Nxd6 1-0

[Event "Early-Titled-Tuesday-Blitz-August-29-2023"]
[Site "Chess.com"]
[Date "2023.08.29"]
[Round "4"]
[White "Carlitus2004"]
[Black "tsaruk_maks"]
[Result "0-1"]
[WhiteElo "2518"]
[BlackElo "2750"]
[TimeControl "180+1"]
[EndTime "8:39:22 PDT"]
[Termination "tsaruk_maks won by resignation"]

1. Nf3 g6 2. g3 Bg7 3. Bg2 c5 4.
O-O d5 5. c4 dxc4 6. Na3 Nf6 7.
Nxc4 O-O 8. b3 Nc6 9. Bb2 Be6 10. Rc1 Rc8 11. Nfe5 Bd5 12. Nxc6 Rxc6 13. Ne5 Bxg2 14. Kxg2 Qd5+ 15. Nf3 Rd8 16. Qc2 Bh6 17. Rfd1 Ne4 18. Bc3 Ng5 19. Re1 Nxf3 20. exf3 e6 21. Re2 Qd3 22.
Bf6 Qxe2 23. Bxd8 Rd6 24. Be7 Rxd2 25. Qxc5 Qxf2+ 26. Qxf2 Rxf2+ 27. Kxf2 Bxc1 28. g4 f5 29. gxf5 exf5 30. Bc5 b6 31. Bd6 Kf7 32. a4 Ke6 33. Bc7 Kd5 34. Ke2 Kd4 35. Bb8 a6 36. Ba7 Kc3 37.
Bxb6 Kxb3 38. a5 Bf4 39. h3 Kc4 40. Kf2 Bd2 41. Kg3 Kb5 42. Kh4 Bxa5 43. Be3 Bd8+ 44. Kg3 a5 45. Kf4 a4 46. Bd4 Kc4 47. Bg7 a3 48.
Ke5 a2 49. Ke6 Bb6 0-1

[Event "Early-Titled-Tuesday-Blitz-August-29-2023"]
[Site "Chess.com"]
[Date "2023.08.29"]
[Round "4"]
[White "ChessArchitect64"]
[Black "JacksterThePro"]
[Result "1-0"]
[WhiteElo "2235"]
[BlackElo "2418"]
[TimeControl "180+1"]
[EndTime "8:39:22 PDT"]
[Termination "ChessArchitect64 won on time"]

1. c4 c5 2. e3 Nf6 3. Nc3 d5 4. cxd5 Nxd5 5. d3 Nc6 6. Nf3 e5 7. Be2 Be7 8. O-O O-O 9. a3 Be6 10. Bd2 Qd7 11. Rc1 Rfc8 12. Ne4 b6 13. Neg5 Bg4 14. h3 Bh5 15. Ne4 Bg6 16. Qa4 Rab8 17.
b4 b5 18. Qb3 c4 19. dxc4 bxc4 20. Rxc4 Nb6 21. Nc5 Bxc5 22. Rxc5 e4 23. Nd4 Nxd4 24. exd4 Qxd4 25. Be3 Qd7 26. Rfc1 h6 27. Bg4 Rxc5 28. Bxd7 Rxc1+ 29. Bxc1 Nxd7 30. Be3 Nb6 31. a4 Bf5 32. a5 Be6 33. Qc2 Nd5 34. Bxa7 Rxb4 35. Bc5 1-0

[Event "Early-Titled-Tuesday-Blitz-August-29-2023"]
[Site "Chess.com"]
[Date "2023.08.29"]
[Round "4"]
[White "mikerahal"]
[Black "Ural_bogatyr"]
[Result "1/2-1/2"]
[WhiteElo "2332"]
[BlackElo "2573"]
[TimeControl "180+1"]
[EndTime "8:39:23 PDT"]
[Termination "Game drawn by repetition"]

1. e4 e5 2. Nf3 Nc6 3. Bb5 a6 4.
Ba4 Bc5 5. O-O Nge7 6. c3 Ba7 7. d4 Ng6 8. dxe5 Ncxe5 9. Nxe5 Nxe5 10. Kh1 O-O 11. f4 Nc6 12. Nd2 b5 13. Bc2 d6 14.
f5 f6 15. Nf3 Ne5 16. Bb3+ Kh8 17. Nh4 Qe8 18. Bf4 Bb7 19. Bxe5 fxe5 20. Ng6+ hxg6 21. Rf3 d5 22. Rh3+ Kg8 23. exd5 Kf7 24. d6+ Kf6 25.
fxg6 Qxg6 26. Qf1+ Qf5 27. Qxf5+ Kxf5 28. Rf1+ Ke4 29.
Re1+ Kf4 30. Rf1+ Kg5 31. Rg3+ Kh6 32. Rh3+ Kg6 33. Rg3+ Kh7 34. Rh3+ Kg6 35. Rg3+ Kh6 36.
Rh3+ Kg6 1/2-1/2

[Event "Early-Titled-Tuesday-Blitz-August-29-2023"]
[Site "Chess.com"]
[Date "2023.08.29"]
[Round "4"]
[White "yuki_chess123"]
[Black "Casper"]
[Result "0-1"]
[WhiteElo "2196"]
[BlackElo "2405"]
[TimeControl "180+1"]
[EndTime "8:39:23 PDT"]
[Termination "Casper won by resignation"]

1. e4 c5 2. Nf3 d6 3. Bb5+ Bd7 4.
c4 g5 5. h3 Nf6 6. Nc3 a6 7. Bxd7+ Qxd7 8. d3 Rg8 9. g4 h6 10.
b4 cxb4 11. Na4 Qc6 12. Be3 Nbd7 13. Nd4 Qc7 14. Rc1 Nc5 15. Rb1 Nfd7 16. Rxb4 Qa5 17.
a3 Ne5 18. Nxc5 dxc5 19. Nb3 Qxa3 20. Bxc5 e6 21. Bxf8 Rxf8 22. Rxb7 O-O-O 23. Qb1 Kxb7 24. Na5+ Kc7 25. Qb7+ Kd6 26. c5+ Qxc5 27. Qxa6+ Ke7 28. O-O Rxd3 29. Rb1 Rg3+ 30. Kf1 Rxh3 31. Qb7+ Kf6 32. Qb2 Rh1+ 33. Kg2 Rxb1 34. Qxb1 Qxa5 0-1

[Event "Early-Titled-Tuesday-Blitz-August-29-2023"]
[Site "Chess.com"]
[Date "2023.08.29"]
[Round "4"]
[White "Irina_Mikhaylova"]
[Black "Maluco_do_Natal_00"]
[Result "1-0"]
[WhiteElo "2279"]
[BlackElo "1924"]
[TimeControl "180+1"]
[EndTime "8:39:23 PDT"]
[Termination "Irina_Mikhaylova won on time"]

1. Nf3 d5 2. c4 c6 3. cxd5 cxd5 4. d4 Nf6 5. Nc3 Nc6 6. Bf4 a6 7. Rc1 Bg4 8. Ne5 Bd7 9. e3 e6 10. Bd3 Be7 11. Qe2 O-O 12. Nxc6 Bxc6 13. O-O Rc8 14. Rc2 Bd6 15. Bg5 h6 16. Bh4 Be7 17. Rfc1 Nd7 18.
Bg3 Bg5 19. Nb1 Ra8 20. Nd2 e5 21. dxe5 Re8 22. f4 Be7 23. Nb3 Qb6 24. Nd4 Bc5 25. Bf2 Rac8 26. Bf5 Bxd4 27. exd4 Rcd8 28. Bd3 Nf8 29.
f5 Qa5 30. h3 Qxa2 31. Qg4 Kh8 32. f6 g6 33. h4 Kh7 34. h5 Qb3 35. Qg3 Qb6 36.
Be3 Re6 37. Qf4 1-0

[Event "Early-Titled-Tuesday-Blitz-August-29-2023"]
[Site "Chess.com"]
[Date "2023.08.29"]
[Round "4"]
[White "Tsyhanchuk_Stanislav"]
[Black "CheckThis4"]
[Result "0-1"]
[WhiteElo "2422"]
[BlackElo "2673"]
[TimeControl "180+1"]
[EndTime "8:39:24 PDT"]
[Termination "CheckThis4 won by resignation"]

1. e4 c5 2. c4 d6 3. Nc3 Nc6 4. Nge2 g6 5. d4 cxd4 6. Nxd4 Bg7 7. Be3 Nf6 8. Be2 O-O 9. O-O Bd7 10. b3 Nxd4 11. Bxd4 Bc6 12. f3 a5 13. a4 Nd7 14.
Nd5 Nc5 15. Rb1 e6 16. Bxg7 Kxg7 17. Qd4+ e5 18. Qe3 Bxd5 19. exd5 f5 20. Bd1 f4 21.
Qf2 Nd3 22. Qd2 Qb6+ 23. Kh1 Nc5 24. Bc2 Rae8 25. Qc3 Rf6 26. Rbe1 Qb4 27. Qxb4 axb4 28. Kg1 Ref8 29. Kf2 g5 30. h3 h5 31. Ke2 Kf7 32.
Kd2 Rg8 33. Rh1 Rh6 34. Kc1 Rhh8 35. Kb2 Kf6 36. Be4 g4 37. hxg4 hxg4 38. Kc2 gxf3 39. Bxf3 Kf5 40. Rxh8 Rxh8 41. Rg1 e4 42. Bd1 Rh2 43.
Kd2 Ke5 44. Ke1 Kd4 45. Kd2 f3 0-1

[Event "Early-Titled-Tuesday-Blitz-August-29-2023"]
[Site "Chess.com"]
[Date "2023.08.29"]
[Round "4"]
[White "AlejandroArias"]
[Black "atalz0"]
[Result "1-0"]
[WhiteElo "2319"]
[BlackElo "2477"]
[TimeControl "180+1"]
[EndTime "8:39:24 PDT"]
[Termination "AlejandroArias won on time"]

1. e4 c6 2. d4 d5 3. exd5 cxd5 4. Bd3 Nc6 5. c3 Nf6 6. h3 g6 7. Nf3 Bf5 8. Be2 h5 9. O-O e6 10. Bf4 Bd6 11. Bxd6 Qxd6 12. Nbd2 Kf8 13. Re1 Kg7 14. Bf1 Qc7 15. Ne5 h4 16. Ndf3 Ne4 17. Nxc6 bxc6 18.
Nd2 Ng5 19. Nb3 Qf4 20. Qc1 Qxc1 21. Raxc1 Ne4 22. Bd3 a5 23. Bxe4 Bxe4 24. Nc5 a4 25.
Nxe4 dxe4 26. Rxe4 g5 27. Re5 Kf6 28. Rc5 Rhb8 29. Rc2 Rb6 30. Rc4 Rab8 31. Rxa4 Rxb2 32. Rxb2 Rxb2 33. Rc4 Rxa2 34. Rxc6 Ra1+ 35. Kh2 Ra2 36. f3 Rc2 37. d5 Ke5 38. dxe6 fxe6 39. Rc5+ Kf4 40.
Rc4+ Kf5 41. Rc8 Kf4 42. c4 Ke5 43. c5 1-0

[Event "Early-Titled-Tuesday-Blitz-August-29-2023"]
[Site "Chess.com"]
[Date "2023.08.29"]
[Round "4"]
[White "Biregina"]
[Black "The_Princess_Moon"]
[Result "1/2-1/2"]
[WhiteElo "2454"]
[BlackElo "2194"]
[TimeControl "180+1"]
[EndTime "8:39:25 PDT"]
[Termination "Game drawn by stalemate"]

1. d4 c5 2. Bf4 cxd4 3. Qxd4 Nc6 4. Qd1 Qb6 5. Nd2 Qxb2 6. Ngf3 Nf6 7. e3 e6 8. Bc4 d5 9. Rb1 Qa3 10. Bb5 Bd7 11.
Bd3 Bb4 12. O-O Bxd2 13. Qxd2 O-O 14. Rxb7 Na5 15. Rb4 Rac8 16. Rfb1 Nc4 17. Bxc4 Rxc4 18. Rxc4 dxc4 19. Be5 Qxa2 20. Ra1 c3 21. Qxc3 Qd5 22. Bxf6 Rc8 23. Qd4 gxf6 24. Qxf6 a5 25. Ne5 Rf8 26. h4 Bc6 27. f3 Qc5 28. Qg5+ Kh8 29. Qf6+ Kg8 30.
Qg5+ Kh8 31. Nxf7+ Rxf7 32. Qxc5 Kg7 33. Qxc6 e5 34. Qe4 a4 35. Rxa4 Rc7 36. Rc4 Rxc4 37. Qxc4 Kf6 38. Qe4 Ke6 39. c4 Kf6 40. c5 Kg7 41. c6 Kh6 42. Kf2 Kh5 43. Ke2 h6 44. Kd3 1/2-1/2

[Event "Early-Titled-Tuesday-Blitz-August-29-2023"]
[Site "Chess.com"]
[Date "2023.08.29"]
[Round "4"]
[White "esteban062000"]
[Black "19912131712118"]
[Result "1/2-1/2"]
[WhiteElo "2160"]
[BlackElo "2438"]
[TimeControl "180+1"]
[EndTime "8:39:25 PDT"]
[Termination "Game drawn by repetition"]

1. e4 c5 2. Nf3 e6 3. d4 cxd4 4. Nxd4 Nc6 5. c4 Nf6 6. Nc3 Bb4 7.
Nxc6 bxc6 8. Bd3 e5 9. O-O O-O 10. Bg5 h6 11. Bh4 Be7 12. Bg3 d6 13. Qa4 Qb6 14.
b4 Bd7 15. Qb3 a5 16. b5 cxb5 17. cxb5 Rfc8 18. Bc4 Be8 19. Nd5 Nxd5 20. Bxd5 Rab8 21. a4 Kh8 22. Bxf7 Bxf7 23. Qxf7 Bg5 24. h4 Bd2 25.
Rfd1 Rc2 26. Qd5 Bc3 27. Rac1 Rxc1 28. Rxc1 Rc8 29. Qe6 Rc7 30. Rd1 Bd4 31. Qe8+ Kh7 32. Qe6 Rc2 33. h5 Bxf2+ 34. Kh1 Qd8 35. Qf5+ Kh8 36.
Bxf2 Re2 37. Bb6 Qh4+ 38. Kg1 Qe7 39. Qc8+ Kh7 40. Qf5+ Kh8 41. Qc8+ Kh7 42. Qf5+ Kh8 1/2-1/2

[Event "Early-Titled-Tuesday-Blitz-August-29-2023"]
[Site "Chess.com"]
[Date "2023.08.29"]
[Round "4"]
[White "chess123456s"]
[Black "Road2GM3000"]
[Result "0-1"]
[WhiteElo "2634"]
[BlackElo "2435"]
[TimeControl "180+1"]
[EndTime "8:39:27 PDT"]
[Termination "Road2GM3000 won by checkmate"]

1. d4 d5 2. Nc3 Nf6 3. Bf4 c6 4.
e3 Bf5 5. Nf3 e6 6. Ne5 h6 7.
Bd3 Bxd3 8. cxd3 Nbd7 9. O-O Be7 10. e4 O-O 11. Nxd7 Nxd7 12. e5 Bg5 13. Bxg5 Qxg5 14. f4 Qg6 15. Qf3 c5 16. dxc5 Nxc5 17. d4 Ne4 18. f5 Qxf5 19. Qxf5 exf5 20. Nxd5 g6 21. Nc3 Nxc3 22. bxc3 Rac8 23. Rac1 Rc4 24. Rfd1 Rfc8 25. Rd3 Kf8 26. d5 Re4 27. d6 Rxe5 28. c4 b6 29.
Kf2 Rd8 30. Rd4 Ke8 31. Rc3 Kd7 32. Ra3 a5 33. Rb3 Kc6 34. Rbd3 Rd7 35. g4 fxg4 36. Kg3 f5 37. Rd5 Re6 38. Rb5 Rexd6 39. Rdb3 Rd3+ 40. Kf4 Rxb3 41. axb3 Re7 42. Rd5 Re4+ 43. Kg3 Re3+ 44.
Kh4 Rh3# 0-1

[Event "Early-Titled-Tuesday-Blitz-August-29-2023"]
[Site "Chess.com"]
[Date "2023.08.29"]
[Round "4"]
[White "GMBenjaminBok"]
[Black "Vanina1989"]
[Result "1-0"]
[WhiteElo "2917"]
[BlackElo "2698"]
[TimeControl "180+1"]
[EndTime "8:39:28 PDT"]
[Termination "GMBenjaminBok won by resignation"]

1. d4 d5 2. c4 c6 3. cxd5 cxd5 4. Nf3 Nf6 5. Nc3 Nc6 6. Bf4 a6 7. Rc1 Bf5 8. e3 Rc8 9. Be2 e6 10. O-O Bd6 11. Bxd6 Qxd6 12. Qb3 Rc7 13. Na4 O-O 14. Nc5 Qe7 15. Qb6 Rfc8 16. Rc3 Ne4 17. Nxe4 dxe4 18.
Nd2 Nb4 19. Rfc1 Rxc3 20. Rxc3 Rxc3 21. bxc3 Nd5 22. Qb3 h6 23. c4 Nf6 24. h3 Qc7 25. c5 e5 26. Bc4 exd4 27. exd4 Bg6 28. Nf1 Nh5 29. Ne3 Kh7 30. Bd5 Nf4 31. Qxb7 Qa5 32. Bxf7 Qe1+ 33. Kh2 Qxf2 34. Bxg6+ Nxg6 35. Qxe4 Qxa2 36. c6 Qf7 37. Ng4 Kh8 38. Ne5 Nxe5 39. Qxe5 1-0

[Event "Early-Titled-Tuesday-Blitz-August-29-2023"]
[Site "Chess.com"]
[Date "2023.08.29"]
[Round "4"]
[White "KrokerGuy"]
[Black "GalaxyRoman"]
[Result "1-0"]
[WhiteElo "2507"]
[BlackElo "2713"]
[TimeControl "180+1"]
[EndTime "8:39:28 PDT"]
[Termination "KrokerGuy won by checkmate"]

1. e4 e5 2. Nf3 Nc6 3. d4 exd4 4.
Nxd4 Nf6 5. Nxc6 bxc6 6. e5 Qe7 7. Qe2 Nd5 8. c4 Ba6 9. b3 g6 10. f4 Bg7 11. Qf2 Nb6 12. Ba3 d6 13. Nc3 f6 14.
c5 Bxf1 15. cxd6 cxd6 16. Bxd6 Qe6 17. Rxf1 fxe5 18. O-O-O O-O-O 19. Qc5 Kb7 20. Bxe5 Bxe5 21. fxe5 Rxd1+ 22. Rxd1 Re8 23. Ne4 Qxe5 24. Nd6+ Kb8 25. Qxc6 Re7 26. Nc4 Qf4+ 27. Kb1 Qf5+ 28. Ka1 Rc7 29.
Rd8+ Nc8 30. Qd6 Qf1+ 31. Kb2 Qxg2+ 32. Ka3 Qb7 33. Qd4 Qa6+ 34. Kb2 Qc6 35. Nd6 Rd7 36.
Qb4+ Qb6 37. Rxc8# 1-0

[Event "Early-Titled-Tuesday-Blitz-August-29-2023"]
[Site "Chess.com"]
[Date "2023.08.29"]
[Round "4"]
[White "Muracle"]
[Black "carokannlover213"]
[Result "0-1"]
[WhiteElo "2477"]
[BlackElo "2716"]
[TimeControl "180+1"]
[EndTime "8:39:28 PDT"]
[Termination "carokannlover213 won on time"]

1. d4 Nf6 2. c4 g6 3. Nf3 Bg7 4. g3 O-O 5. Bg2 c5 6. d5 e6 7. Nc3 exd5 8. cxd5 d6 9. O-O Re8 10. Nd2 a6 11. a4 Nbd7 12. h3 Rb8 13. Nc4 Qc7 14. e4 b5 15. axb5 axb5 16. Na5 Ra8 17.
Nxb5 Qb6 18. Nxd6 Qxd6 19. Nc4 Qb8 20. Bf4 Rxa1 21. Qxa1 Qb4 22. Nd6 Rf8 23. Qa7 Nb6 24. Bg5 h6 25. Be3 Nbd7 26. e5 Nxe5 27. Bxc5 Qb3 28. Qc7 Bd7 29. Nb7 Re8 30. Nd6 Ra8 31. f4 Nc4 32. f5 Nxd6 33. Bxd6 Bb5 34. fxg6 fxg6 35. Rxf6 Bxf6 36. Be5 Qe3+ 37. Kh2 Qxe5 0-1

[Event "Early-Titled-Tuesday-Blitz-August-29-2023"]
[Site "Chess.com"]
[Date "2023.08.29"]
[Round "4"]
[White "Ramosha"]
[Black "jcibarra"]
[Result "0-1"]
[WhiteElo "2577"]
[BlackElo "2879"]
[TimeControl "180+1"]
[EndTime "8:39:29 PDT"]
[Termination "jcibarra won by resignation"]

1. e4 c5 2. Nf3 e6 3. d3 Nc6 4. g3 g6 5. Bg2 Bg7 6. O-O d5 7. Qe2 Nf6 8. c3 O-O 9. e5 Nd7 10. d4 cxd4 11. cxd4 b6 12. Rd1 a5 13.
Bf4 Ba6 14. Qe3 Nb4 15. Na3 Rc8 16. h4 Nc2 17. Nxc2 Rxc2 18. b3 Qa8 19. Rdc1 Re2 20.
Qc3 Rc8 21. Qxc8+ Bxc8 22. Rc7 Nf8 23. Bf1 Re4 24. Be3 Ba6 25. Bh3 f6 26. exf6 Bxf6 27.
Nd2 Bxd4 28. Nxe4 Bxa1 29. Ng5 Be5 30. Rc1 d4 31. Bd2 Qd5 32. Bg2 Qd7 33. Ne4 Bb7 34.
Bg5 d3 35. Rd1 Qd4 36. Be3 Qd8 37. Bg5 Qd7 38. Kh2 h5 39. Be3 Nh7 40. f4 Nf6 41. fxe5 Ng4+ 42. Kg1 Bxe4 43. Bxe4 Nxe3 44. Rxd3 Nd5 45. Bxg6 Qg7 46. Bxh5 Qxe5 47. Kg2 Qxh5 0-1

[Event "Early-Titled-Tuesday-Blitz-August-29-2023"]
[Site "Chess.com"]
[Date "2023.08.29"]
[Round "4"]
[White "abhidabhi"]
[Black "jsdbv18"]
[Result "1-0"]
[WhiteElo "2912"]
[BlackElo "2584"]
[TimeControl "180+1"]
[EndTime "8:39:29 PDT"]
[Termination "abhidabhi won by resignation"]

1. b3 e5 2. Bb2 Nc6 3. e3 d5 4. Bb5 Bd6 5. f4 Qh4+ 6. g3 Qe7 7. Nf3 f6 8. fxe5 fxe5 9. Bxc6+ bxc6 10. Nxe5 Nf6 11. Nxc6 Qe4 12. O-O Bh3 13. Rf2 Ng4 14. Nc3 Qh1+ 15. Kxh1 Nxf2+ 16. Kg1 Nxd1 17. Rxd1 Kd7 18.
Nd4 c6 19. Nce2 Rhf8 20. Nf4 Bg4 21. Re1 g5 22. Nd3 Kc7 23. b4 Rf7 24. b5 Raf8 25. Kg2 c5 26. b6+ Kxb6 27. Ba3 cxd4 28. Bxd6 Bf3+ 29.
Kg1 Rc8 30. Rb1+ Ka5 31. Bb4+ Ka4 32. Nc5+ Kb5 33. exd4 Kc6 34. Nd3 Rf5 35. Ne5+ Kc7 36. c3 h5 37. Ba5+ Kd6 38. Rb7 Be4 39. Rxa7 Ke6 40.
Ra6+ Ke7 41. Bb4+ Ke8 42. Rh6 Rc7 43. Rh8+ 1-0

[Event "Early-Titled-Tuesday-Blitz-August-29-2023"]
[Site "Chess.com"]
[Date "2023.08.29"]
[Round "4"]
[White "RandomNoob04"]
[Black "masenik"]
[Result "1-0"]
[WhiteElo "2658"]
[BlackElo "2410"]
[TimeControl "180+1"]
[EndTime "8:39:29 PDT"]
[Termination "RandomNoob04 won by resignation"]

1. e4 c5 2. d4 cxd4 3. c3 dxc3 4.
Nxc3 Nc6 5. Nf3 d6 6. Bc4 e6 7.
O-O Nf6 8. Bf4 Be7 9. Qe2 e5 10. Bg5 Bg4 11. Qe3 O-O 12. h3 Bxf3 13. Qxf3 Nd4 14.
Qd3 a6 15. Be3 Ne6 16. Rfd1 b5 17. Bd5 Nxd5 18. Nxd5 Nc5 19. Bxc5 dxc5 20. Qg3 Bd6 21. Rd3 f5 22. Rad1 fxe4 23. R3d2 Qa5 24. Nb6 Be7 25.
Nxa8 Rxa8 26. Qxe5 Re8 27. Rd7 Kf8 28. Qf5+ Kg8 29.
Qe6+ Kf8 30. R1d5 Qe1+ 31. Kh2 g6 32. Re5 Qxf2 33. Rxe4 Qf7 34. Qxf7+ Kxf7 35. Ra7 c4 36. g3 b4 37. Rxc4 Rd8 38. Rcc7 Rd2+ 39. Kg1 Re2 40.
Kf1 Re3 41. Kf2 Re5 42. Rxa6 Kf8 43. Ra8+ Kf7 44. Raa7 Kf6 45. Rxe7 Rxe7 46. Rxe7 Kxe7 47. a3 Kd6 48. axb4 Kc6 49. Ke3 Kb5 50. Kf4 Kxb4 51. Kg5 1-0

[Event "Early-Titled-Tuesday-Blitz-August-29-2023"]
[Site "Chess.com"]
[Date "2023.08.29"]
[Round "4"]
[White "Maili15"]
[Black "Vesper2018"]
[Result "0-1"]
[WhiteElo "2340"]
[BlackElo "2602"]
[TimeControl "180+1"]
[EndTime "8:39:30 PDT"]
[Termination "Vesper2018 won on time"]

1. e4 c5 2. Nf3 d6 3. Nc3 a6 4. d4 cxd4 5. Nxd4 Nf6 6. Bg5 Nbd7 7. Bc4 Qb6 8. Bb3 e6 9. Bxf6 Nxf6 10. Qd2 Nd7 11.
O-O-O Nc5 12. Rhe1 Be7 13. Nf5 Bf8 14. Nxd6+ Bxd6 15.
Qxd6 Qxd6 16. Rxd6 b5 17. Red1 Bb7 18. f3 Rc8 19. Kd2 Ke7 20. Ke3 Rc7 21. R1d2 g5 22.
Ne2 h5 23. Rd1 h4 24. R6d2 h3 25. g3 g4 26. fxg4 Nxe4 27. Rd4 Ng5 28. Rf1 Rc5 29. c3 Re5+ 30. Kd3 Nf3 31. Rxf3 Bxf3 32. Nf4 Re1 33. c4 Rh1 34. cxb5 axb5 35. Rb4 Rxh2 36. Rxb5 Rh1 37. Rb6 h2 38. Ke3 Ba8 39. Ra6 Re1+ 0-1

[Event "Early-Titled-Tuesday-Blitz-August-29-2023"]
[Site "Chess.com"]
[Date "2023.08.29"]
[Round "4"]
[White "Nathan_Filgueiras"]
[Black "sorch29"]
[Result "1-0"]
[WhiteElo "2521"]
[BlackElo "2357"]
[TimeControl "180+1"]
[EndTime "8:39:30 PDT"]
[Termination "Nathan_Filgueiras won on time"]

1. e4 c5 2. Nf3 Nc6 3. d4 cxd4 4. Nxd4 Nf6 5. Nc3 d6 6. Bg5 e6 7. Qd2 Qb6 8. O-O-O Qxd4 9. Qxd4 Nxd4 10. Rxd4 a6 11. Be2 Bd7 12. Rhd1 Bc6 13. f3 Be7 14. Kb1 h6 15. Be3 g5 16. Bf2 O-O 17. Bg3 Ne8 18.
e5 dxe5 19. Bxe5 Bf6 20. Bxf6 Nxf6 21. h4 Rfe8 22. Bd3 Kf8 23. hxg5 hxg5 24. Be4 Nxe4 25. Nxe4 Bxe4 26. fxe4 Re7 27. c4 Rc7 28. b4 a5 29. a3 axb4 30. axb4 Ra3 31. Kb2 Re3 32. c5 e5 33. Rd8+ Ke7 34. R8d6 Rxe4 35. Kb3 Re2 36. Kc4 Rxg2 37. Re1 f6 38. Rf1 b6 39. Rdxf6 Rg4+ 40. Kb5 bxc5 41. bxc5 e4 42. Rf7+ Kd8 43. Rf8+ 1-0

[Event "Early-Titled-Tuesday-Blitz-August-29-2023"]
[Site "Chess.com"]
[Date "2023.08.29"]
[Round "4"]
[White "Henryk_S"]
[Black "Apocalyps999"]
[Result "1-0"]
[WhiteElo "2136"]
[BlackElo "2325"]
[TimeControl "180+1"]
[EndTime "8:39:30 PDT"]
[Termination "Henryk_S won by resignation"]

1. e4 e5 2. Nf3 Nc6 3. Nc3 Nf6 4. Bb5 Nd4 5. Bc4 c6 6. Bb3 d6 7. h3 Be7 8. d3 h6 9. Be3 Nxb3 10. axb3 a6 11.
Na4 b5 12. Nb6 Rb8 13. Nxc8 Qxc8 14. Qd2 Nd7 15. O-O g5 16. d4 f6 17. Qe2 h5 18. dxe5 Nxe5 19. Nd4 g4 20. h4 Ra8 21. Nf5 Qd7 22. Rfd1 Bf8 23. c4 bxc4 24. bxc4 Nf7 25. b4 Rh7 26. b5 cxb5 27. cxb5 a5 28. b6 Nh6 29. Bxh6 Bxh6 30. Nxd6+ Kf8 31. b7 Rb8 32. Qb2 Qc7 33. Qxf6+ Kg8 34. Qg6+ Rg7 35. Qxh6 g3 36. Qe6+ Kh8 37. Nf5 gxf2+ 38. Kh1 Rxg2 39. Qh6+ Kg8 40. Kxg2 Rxb7 41. Rf1 Qc6 42. Qxc6 1-0

[Event "Early-Titled-Tuesday-Blitz-August-29-2023"]
[Site "Chess.com"]
[Date "2023.08.29"]
[Round "4"]
[White "DrDreBeats"]
[Black "HansOnTwitch"]
[Result "1/2-1/2"]
[WhiteElo "2604"]
[BlackElo "2885"]
[TimeControl "180+1"]
[EndTime "8:39:31 PDT"]
[Termination "Game drawn by repetition"]

1. e4 c5 2. Nf3 d6 3. d4 cxd4 4. Nxd4 Nf6 5. Nc3 a6 6. Be3 e5 7. Nf3 Be7 8. Bc4 O-O 9. O-O Be6 10. Bb3 Nc6 11. Qe2 Na5 12. Rfd1 Nxb3 13. cxb3 h6 14. Ne1 Rc8 15. Nc2 Qa5 16. h3 b5 17. Rac1 b4 18. Na4 Qb5 19. Qxb5 axb5 20. Nb6 Rce8 21. f3 Rb8 22. Nxb4 Rb7 23. N4d5 Nxd5 24. Nxd5 Ra8 25. a3 Bf8 26. b4 Rd8 27. Bb6 Rdd7 28. Be3 f5 29. Rc8 Kf7 30. Nb6 Rdc7 31. Rxc7+ Rxc7 32. Rc1 Rxc1+ 33. Bxc1 fxe4 34. fxe4 Bb3 35. Kf2 Ke6 36. Ke3 Be7 37. Kd3 Bd8 38. Be3 Ba2 39. Kc2 Bxb6 40.
Bxb6 Bc4 41. g3 Bf1 42. h4 h5 43. b3 g6 44. a4 Kd7 45. Kd2 Kc6 46. Bd8 Bh3 47. Kd3 Be6 48. Kc3 Bg4 49. a5 Bf3 50.
Kd3 Bd1 51. a6 Bxb3 52. a7 Kb7 53. Bc7 d5 54. Bxe5 dxe4+ 55. Kxe4 Kxa7 56. Bd4+ Kb7 57. Ke5 Bc2 58. Kd6 Bd3 59. Be5 Bf5 60. Bd4 Bd3 61. Be5 Bf5 62. Bd4 Bd3 1/2-1/2

[Event "Early-Titled-Tuesday-Blitz-August-29-2023"]
[Site "Chess.com"]
[Date "2023.08.29"]
[Round "4"]
[White "vladoboch"]
[Black "YairParkhov"]
[Result "0-1"]
[WhiteElo "2449"]
[BlackElo "2679"]
[TimeControl "180+1"]
[EndTime "8:39:31 PDT"]
[Termination "YairParkhov won by resignation"]

1. e4 c5 2. Nf3 e6 3. g3 Nc6 4. Bg2 Nf6 5. d3 d5 6. Qe2 Be7 7. e5 Nd7 8. c4 d4 9. O-O Qc7 10.
Bf4 b6 11. h4 Bb7 12. Nbd2 O-O-O 13. a3 h6 14. Rfb1 Rdg8 15. Ne4 Kb8 16. b4 cxb4 17. axb4 Bxb4 18. Qa2 Nc5 19. Nxd4 Nxe4 20. Bxe4 Nxd4 21. Qxa7+ Kc8 22. Bxb7+ Qxb7 23. Rxb4 Nc2 24. Qa8+ Kc7 25. Qxb7+ Kxb7 26. Rab1 Nxb4 27. Rxb4 Rd8 28. Be3 Rxd3 29. Rxb6+ Kc7 30. c5 Rb8 31. Rd6 Rxd6 32. cxd6+ Kd7 33. Kg2 Rb5 34. f4 f6 35. Bd4 Rd5 36. Bc3 f5 37. Kh3 h5 38. Ba1 g6 39. Bc3 Kc6 40. Bb2 Kb5 41.
Bc3 Kc4 42. Ba5 Rxa5 0-1

[Event "Early-Titled-Tuesday-Blitz-August-29-2023"]
[Site "Chess.com"]
[Date "2023.08.29"]
[Round "4"]
[White "Mikedannnn"]
[Black "Aleksandar-Topalov"]
[Result "0-1"]
[WhiteElo "2579"]
[BlackElo "2349"]
[TimeControl "180+1"]
[EndTime "8:39:32 PDT"]
[Termination "Aleksandar-Topalov won by resignation"]

1. e4 e6 2. d4 d5 3. Nc3 Bb4 4. e5 Qd7 5. a3 Bxc3+ 6. bxc3 b6 7. Qg4 f5 8. exf6 Nxf6 9. Qh4 Ba6 10. Bxa6 Nxa6 11. Nf3 O-O 12. O-O Nb8 13. Ne5 Qa4 14. Bg5 Nc6 15. Rae1 Nxe5 16. dxe5 Qxh4 17. Bxh4 Ne4 18. c4 Nd2 19. cxd5 Nxf1 20. Kxf1 exd5 21. Bg3 Rae8 22. h4 c5 23. f4 g6 24. Kf2 d4 25.
Kf3 Kf7 26. Ke4 Ke6 27. Bf2 h5 28. Rh1 Rh8 29. Rg1 Rh6 30. g4 hxg4 31. Rxg4 Rf8 32. h5 gxh5 33. Rg7 h4 34. Rc7 Rh5 35. Rxa7 h3 36. Bg3 h2 37. Bxh2 Rxh2 38. Rb7 Re2+ 39. Kd3 Re3+ 40. Kc4 Rxf4 41. Rxb6+ Kxe5 42. Kxc5 Rc3+ 0-1

[Event "Early-Titled-Tuesday-Blitz-August-29-2023"]
[Site "Chess.com"]
[Date "2023.08.29"]
[Round "4"]
[White "Jackalhead_Anubis"]
[Black "Ariadna_Atreides"]
[Result "1-0"]
[WhiteElo "2458"]
[BlackElo "2230"]
[TimeControl "180+1"]
[EndTime "8:39:32 PDT"]
[Termination "Jackalhead_Anubis won by resignation"]

1. e4 c6 2. d4 d5 3. e5 Bf5 4. Nd2 h6 5. a3 c5 6. dxc5 Nd7 7. Bb5 e6 8. b4 a6 9. Ba4 Ne7 10. f4 Nc6 11. Ngf3 g5 12. Nb3 gxf4 13. Bxf4 Qc7 14.
Nbd4 Be4 15. Nxc6 bxc6 16. O-O Bg7 17. Qe2 Bxf3 18. Rxf3 Bxe5 19. Bxc6 Bxf4 20. Bxa8 Bxh2+ 21. Kh1 Be5 22. Raf1 f6 23. Qxa6 Ke7 24. Qb7 Rb8 25. Qxc7 Bxc7 26. Bc6 Ne5 27. Rxf6 Nxc6 28. Rf7+ Kd8 29.
Rf8+ Kd7 30. R1f7+ Ne7 31. c6+ Kd6 32. Rxb8 Bxb8 33.
b5 d4 34. a4 e5 35. a5 e4 36. Kg1 e3 37. a6 Nd5 38. Rd7+ Kc5 39. Rxd5+ Kxd5 40. c7 Bxc7 41. a7 d3 42. a8=Q+ 1-0

[Event "Early-Titled-Tuesday-Blitz-August-29-2023"]
[Site "Chess.com"]
[Date "2023.08.29"]
[Round "4"]
[White "joksijoksi"]
[Black "EvgenyBurmakin"]
[Result "0-1"]
[WhiteElo "2481"]
[BlackElo "2272"]
[TimeControl "180+1"]
[EndTime "8:39:33 PDT"]
[Termination "EvgenyBurmakin won on time"]

1. d4 Nf6 2. c4 g6 3. Nc3 Bg7 4. e4 O-O 5. h3 d6 6. Be3 e5 7. d5 Nh5 8. Qd2 f5 9. Bg5 Qe8 10. Be2 Nf4 11. Bxf4 exf4 12. f3 fxe4 13. Nxe4 Bf5 14. Bd3 Nd7 15. Ne2 Ne5 16. N2c3 g5 17.
O-O-O a6 18. Rde1 Qg6 19. h4 h6 20. hxg5 hxg5 21. Qe2 b5 22. cxb5 Nxd3+ 23. Qxd3 axb5 24.
Qxb5 Rfb8 25. Qc4 Ra7 26. a3 Rab7 27. Re2 Re8 28. Rhe1 Rbb8 29. Nb5 Rbc8 30. Nbc3 c6 31. dxc6+ Be6 32. Qd3 Rxc6 33. Qd2 d5 34. Nc5 d4 35.
Nxe6 dxc3 36. Qd5 Rcxe6 37. Rxe6 cxb2+ 0-1